 Dungeon Crawl Stone Soup version 0.28-a0-779-g3d1f99b579 (webtiles) character file.

Game seed: 1085397331247911183

149956 flotson the Peltast (level 16, -4/147 HPs)
             Began as a Minotaur Delver on Nov 1, 2021.
             Was an Initiate of Gozag.
             Slain by a nine-headed hydra (8 damage)
             ... on level 3 of the Swamp on Nov 2, 2021.
             The game lasted 01:17:08 (39015 turns).

flotson the Peltast (Minotaur Delver)              Turns: 39015, Time: 01:17:09

Health: -4/147     AC: 40    Str: 35    XL:     16   Next: 97%
Magic:  15/15      EV: 14    Int:  1    God:    Gozag
Gold:   1536       SH: 14    Dex: 12    Spells: 15/15 levels left

rFire   . . .      SeeInvis .   a - +5 broad axe (distort)
rCold   . . .      Faith    .   h - +1 kite shield
rNeg    . . .      Spirit   .   M - +15 plate armour of Benevolence {Will+ Int-3 Dex+2}
rPois   +          Reflect  .   (helmet restricted)
rElec   .          Harm     .   X - +2 cloak {rPois}
rCorr   .          Rampage  .   O - +0 pair of gloves "Fexzu" {Str+6 Dex-3}
Will    ++++.      Rage     50% b - +2 pair of boots {Stlth+}
Stlth   ..........              Y - necklace of Bloodlust {*Rage Will++ Int-3 Slay+6}
HPRegen 0.34/turn               n - +6 ring of strength
MPRegen 0.14/turn               Q - +4 ring of slaying

@: on berserk cooldown, slowed, studying Shields, very slow
A: horns 2, retaliatory headbutt
a: Renounce Religion, Potion Petition, Call Merchant, Bribe Branch


You were on level 3 of the Swamp.
You worshipped Gozag.
Gozag was most pleased with you.
You visited 6 branches of the dungeon, and saw 29 of its levels.
You also visited: Sewer, Bailey, Gauntlet and Volcano.

You collected 9387 gold pieces.
You spent 4903 gold pieces at shops.
You paid 2948 gold pieces to Gozag.

Inventory:

Hand Weapons
 a - a +5 broad axe of distortion (weapon)
Missiles
 q - 5 curare-tipped darts
 I - 11 boomerangs of dispersal
 S - 6 silver javelins
 T - 7 javelins (quivered)
Armour
 b - a +2 pair of boots of stealth (worn)
 h - a +1 kite shield (worn)
 M - the +15 plate armour of Benevolence (worn) {Will+ Int-3 Dex+2}
   (You bought it in a shop on level 2 of the Orcish Mines)

   Int:       It affects your intelligence (-3).
   Dex:       It affects your dexterity (+2).
   Will:      It increases your willpower.
 O - the +0 pair of gloves "Fexzu" (worn) {Str+6 Dex-3}
   (You bought it in a shop on level 2 of the Orcish Mines)

   Str:       It affects your strength (+6).
   Dex:       It affects your dexterity (-3).
 X - a +2 cloak of poison resistance (worn)
Jewellery
 n - a +6 ring of strength (left hand)
 r - a ring of protection from cold
 y - a ring of see invisible
 Q - a +4 ring of slaying (right hand)
 Y - the necklace of Bloodlust (around neck) {*Rage Will++ Int-3 Slay+6}
   (You found it on level 1 of the Orcish Mines)

   [amulet of nothing]

   It extends the wearer's berserk rage when killing foes.
   Int:       It affects your intelligence (-3).
   Slay:      It affects your accuracy & damage with ranged weapons and melee
   (+6).
   *Rage:     It berserks you when you make melee attacks (+50% chance).
   Will:      It greatly increases your willpower.
 Z - a ring of flight
Wands
 o - a wand of paralysis (15)
 p - a wand of polymorph (7)
 s - a wand of acid (29)
 u - a wand of flame (19)
 K - a wand of mindburst (16)
 P - a wand of charming (13)
 U - a wand of iceblast (39)
Scrolls
 c - 6 scrolls of fog
 e - 3 scrolls of identify
 f - 6 scrolls of teleportation
 i - 7 scrolls of blinking
 m - a scroll of enchant armour
 w - 3 scrolls of holy word
 x - 7 scrolls of immolation
 B - 2 scrolls of fear
 F - 3 scrolls of torment
 G - 4 scrolls of vulnerability
 N - 3 scrolls of summoning
 V - 5 scrolls of magic mapping
 W - a scroll of silence
Potions
 d - 11 potions of curing
 j - 6 potions of invisibility
 k - 2 potions of mutation
 t - 8 potions of lignification
 v - 2 potions of resistance
 z - a potion of cancellation
 A - 4 potions of berserk rage
 C - 5 potions of ambrosia
 E - a potion of heal wounds
 H - 4 potions of attraction
 J - a potion of haste
 L - 2 potions of might
Miscellaneous
 g - a condenser vane
 l - a box of beasts
 D - a piece from Xom's chessboard (15/15)
 R - a box of beasts


   Skills:
 + Level 14.9 Fighting
 * Level 9.5(12.2) Axes
 - Level 12.2(13.5) Maces & Flails
 + Level 11.5 Throwing
 + Level 14.5 Armour
 + Level 13.5 Dodging
 - Level 4.1 Stealth
 - Level 15.0 Shields
 + Level 10.6 Evocations


You had 15 spell levels left.
You didn't know any spells.
Your spell library contained the following spells:

 Spells                   Type           Power      Damage    Failure   Level
 Foxfire                  Conj/Fire      0%         2x1d4     97%         1
 Freeze                   Ice            0%         1d3       97%         1
 Magic Dart               Conj           0%         1d3       97%         1
 Shock                    Conj/Air       0%         1d3       97%         1
 Blink                    Tloc           0%         N/A       99%         2
 Call Imp                 Summ           0%         N/A       99%         2
 Corpse Rot               Necr/Air       0%         N/A       99%         2
 Ensorcelled Hibernation  Hex/Ice        0%         N/A       99%         2
 Call Canine Familiar     Summ           0%         N/A       100%        3
 Conjure Flame            Conj/Fire      0%         6-21      100%        3
 Frozen Ramparts          Ice            0%         1d2       100%        3
 Ignite Poison            Fire/Tmut/Pois 0%         N/A       100%        3
 Inner Flame              Hex/Fire       0%         N/A       100%        3
 Lesser Beckoning         Tloc           0%         N/A       100%        3
 Mephitic Cloud           Conj/Pois/Air  0%         N/A       100%        3
 Portal Projectile        Hex/Tloc       0%         N/A       100%        3
 Spider Form              Tmut/Pois      0%         N/A       100%        3
 Flame Wave               Conj/Fire      0%         3d3       100%        4
 Fulminant Prism          Conj/Hex       0%         3d6       100%        4
 Hailstorm                Conj/Ice       0%         3d3       100%        4
 Iskenderun's Mystic Bla  Conj/Tloc      0%         2d3       100%        4
 Leda's Liquefaction      Hex/Erth       0%         N/A       100%        4
 Sticky Flame             Conj/Fire      0%         2d3       100%        4
 Freezing Cloud           Conj/Ice/Air   0%         6-21      100%        5
 Lee's Rapid Deconstruct  Erth           0%         3d5*      100%        5
 Lightning Bolt           Conj/Air       0%         1d11      100%        5
 Manifold Assault         Tloc           0%         N/A       100%        5
 Summon Mana Viper        Hex/Summ       0%         N/A       100%        5


Dungeon Overview and Level Annotations

Branches:
Dungeon (15/15)            Temple (1/1) D:6            Lair (6/6) D:10
  Swamp (4/4) Lair:3        Snake (0/4) Lair:3        Slime (0/5) Lair:6
    Orc (2/2) D:10            Elf (1/3) Orc:2        Vaults (0/5) D:14
 Depths (0/4) D:15          Sewer (visited)          Bailey (visited)
Volcano (visited)         Gauntlet (visited)

Altars:
Ashenzari
Cheibriados
Dithmenos
Elyvilon
Fedhas
Gozag
Hepliaklqana
Kikubaaqudgha
Makhleb
Nemelex Xobeh
Okawaru
Qazlal
Ru
Sif Muna
Trog
Uskayaw
Vehumet
Wu Jian
Xom
Yredelemnul
Zin
The Shining One
Beogh
Jiyva

Shops:
Orc:2 ([*=!*[*

Annotations:
D:8 3 runed translucent doors, ytrimaz's ghost, novice OpCj


Innate Abilities, Weirdness & Mutations

You have a pair of horns on your head.
You reflexively headbutt those who attack you in melee.


Message History

The seven-headed hydra is heavily wounded.
You block the seven-headed hydra's attack.
The seven-headed hydra bites you.
* * * LOW HITPOINT WARNING * * *
The seven-headed hydra bites you.
* * * LOW HITPOINT WARNING * * *
The seven-headed hydra closely misses you.
The seven-headed hydra bites you but does no damage. x2
You block the seven-headed hydra's attack.
The seven-headed hydra is distracted by your dazzling golden aura.
You catch the helpless seven-headed hydra completely off-guard!
You slice one of the seven-headed hydra's heads off!
The six-headed hydra grows two more!
You slash the eight-headed hydra!
The eight-headed hydra is no longer distracted by gold.
The eight-headed hydra is heavily wounded.
You block the eight-headed hydra's attack.
The eight-headed hydra completely misses you. x2
The eight-headed hydra bites you.
* * * LOW HITPOINT WARNING * * *
You block the eight-headed hydra's attack.
The eight-headed hydra closely misses you.
The eight-headed hydra bites you but does no damage.
The eight-headed hydra misses you.
You slice one of the eight-headed hydra's heads off!
The seven-headed hydra grows two more!
You slice the nine-headed hydra!!
The nine-headed hydra is severely wounded.
The nine-headed hydra blinks!
Unknown command.
There is a stone staircase leading up here.
The nine-headed hydra closely misses you.
You furiously retaliate!
You headbutt the nine-headed hydra!
You block the nine-headed hydra's attack.
The nine-headed hydra bites you but does no damage. x3
The nine-headed hydra bites you.
* * * LOW HITPOINT WARNING * * *
The nine-headed hydra bites you but does no damage.
You block the nine-headed hydra's attack.
The nine-headed hydra bites you!
You die...
Your body crumbles into a pile of gold.

♣≈♣§..≈≈..≈≈≈≈≈.♣♣♣..
♣...≈≈≈≈.§≈≈≈≈.♣♣≈...
♣≈..≈≈≈≈≈≈≈≈≈.♣♣♣....
♣♣..≈≈..≈≈≈≈..♣♣♣♣♣♣.≈
♣≈.≈≈..≈≈≈≈≈...♣♣≈♣♣..
♣§≈≈..≈≈..≈≈..♣♣≈♣♣♣..
♣.≈≈.≈≈§≈≈≈≈.≈...♣♣♣.≈
♣♣§.≈♣D.≈≈≈≈≈.≈≈......
♣♣♣≈@..§≈≈≈≈≈≈≈≈≈≈≈..
♣♣.^≈≈≈≈≈≈≈≈≈≈≈§≈.§
♣♣♣♣♣♣...≈§.≈≈.......
♣♣≈♣♣ ♣........≈♣♣♣♣..
♣≈≈≈♣♣♣≈≈≈.≈♣≈♣♣♣♣♣♣§.
♣.≈≈...≈≈≈≈.♣♣♣♣♣♣....
♣≈≈≈.♣.≈≈≈≈.♣ ♣.≈≈≈..
♣♣♣.≈♣≈.≈≈≈.♣♣ ♣.≈≈≈≈.
♣♣♣♣♣.≈≈≈≈≈♣♣♣=§§≈..


You could see a nine-headed hydra.

Vanquished Creatures
  Jorgrun (D:12)
  A fenstrider witch (Swamp:1)
  A frost giant (D:15)
  A ghoul (Swamp:4)
  2 deep elf elementalists (Orc:1)
  A stone giant (Orc:1)
  A deep elf demonologist (Orc:1)
  3 bunyips
  The ghost of spiderkeys the Grappler, a journeyman TrAK of Lugonu (D:12)
  A minotaur (Gauntlet)
  The ghost of jasper the Martial Artist, a journeyman DsAr of Okawaru (D:13)
  2 eleionomae
  A fire dragon (Lair:6)
  A shambling mangrove (Swamp:3)
  4 vault guards
  2 ogre magi
  11 hydras
  7 boulder beetles
  2 ghost crabs
  5 alligators
  7 centaur warriors
  7 two-headed ogres
  6 death yaks
  4 tengu warriors
  Urug (Lair:6)
  A shadow wraith (D:13)
  The ghost of jasper the Poker, a novice DsAr (D:10)
  3 goliath frogs
  A flayed ghost (D:13)
  2 deep trolls (Orc:1)
  A spriggan druid (Swamp:3)
  4 bog bodies
  A deep elf archer (Elf:1)
  5 swamp dragons
  5 orc knights
  6 deep elf pyromancers
  Pikel (D:7)
  2 lindwurms
  4 deep elf zephyrmancers
  4 orc sorcerers
  2 will-o-the-wisps
  2 moths of wrath (Orc:1)
  5 ugly things
  7 cyclopes
  5 manticores
  26 elephants
  10 black mambas
  Joseph (Lair:1)
  A smoke demon (Volcano)
  A gargoyle (D:12)
  5 molten gargoyles
  A kobold demonologist (D:11)
  10 cane toads
  Psyche (D:11)
  14 komodo dragons
  4 rime drakes
  A freezing wraith (D:13)
  5 tengu conjurers
  2 red devils (Volcano)
  6 meliai (D:15)
  A silent spectre (Orc:1)
  10 trolls
  5 tyrant leeches
  14 hornets
  3 polar bears (Lair:5)
  Prince Ribbit (D:6)
  5 dream sheep (Lair:4)
  11 slime creatures
  12 blink frogs
  9 spriggans
  2 centaur simulacra
  9 wyverns
  A wraith (D:13)
  60 yaks
  6 basilisks
  22 vampire mosquitoes
  3 steam dragons (Lair:6)
  Menkaure (D:7)
  4 wargs
  15 swamp worms
  3 acid dragons
  4 nagas (Lair:3)
  5 hell hounds
  20 water moccasins
  A black bear (shapeshifter) (D:15)
  34 orc warriors
  A swamp drake (Swamp:4)
  A hornet zombie (D:5)
  A black bear (D:10)
  6 ogres
  3 necrophages
  4 wolves (D:10)
  28 centaurs
  A phantom (D:7)
  16 bullfrogs
  A wyvern zombie (D:6)
  A wyvern skeleton (D:7)
  A water moccasin zombie (D:6)
  8 killer bees
  4 howler monkeys
  4 electric eels
  10 lava snakes
  2 centaur zombies
  9 orc priests
  Crazy Yiuf (D:3)
  2 gnoll shamans
  A hound (D:5)
  A jelly (D:6)
  A bullfrog skeleton (D:7)
  Jessica (D:3)
  A centaur skeleton (D:5)
  Natasha (D:2)
  4 iguanas
  11 orc wizards
  Terence (D:2)
  A hound zombie (D:5)
  A hound skeleton (D:4)
  11 gnolls
  11 adders
  A shadow imp (D:6)
  2 white imps
  2 ufetubi
  7 worms
  A dart slug (D:3)
  41 orcs
  13 endoplasms
  6 giant cockroaches
  11 goblins
  8 hobgoblins
  13 jackals
  20 kobolds
  2 quokkas
  9 ball pythons
  12 bats
  4 frilled lizards
  7 rats
  A butterfly (Lair:1)
795 creatures vanquished.

Vanquished Creatures (collateral kills)
  A water moccasin (D:5)
1 creature vanquished.

Vanquished Creatures (others)
  2 dancing weapons
  A bloated husk (Swamp:1)
  A hornet (Swamp:2)
  A human (D:4)
  10 foxfires
  39 fungi
  64 plants
118 creatures vanquished.

Grand Total: 914 creatures vanquished

Notes
Turn   | Place    | Note
-------+----------+-------------------------------------------
     0 | D:5      | flotson the Minotaur Delver began the quest for the Orb.
     0 | D:5      | Reached XP level 1. HP: 19/19 MP: 0/0
    32 | D:5      | Noticed a necrophage
    34 | D:5      | You fall into a shaft and drop 1 floor!
    39 | D:6      | Noticed a necrophage
    71 | D:6      | Noticed an iguana
    79 | D:6      | Killed an iguana
    80 | D:6      | Reached skill level 1 in Armour
    80 | D:6      | Reached skill level 1 in Shields
    80 | D:6      | Reached XP level 2. HP: 26/27 MP: 1/1
    96 | D:5      | Noticed a water moccasin
   254 | D:5      | Found a glowing drain.
   262 | D:5      | Reached XP level 3. HP: 16/33 MP: 2/2
   405 | Sewer    | Entered a sewer
  1128 | Sewer    | Reached XP level 4. HP: 32/40 MP: 3/3
  1842 | D:5      | Reached skill level 2 in Shields
  2075 | D:5      | Killed a water moccasin
  2076 | D:5      | Reached XP level 5. HP: 47/47 MP: 4/4
  2185 | D:3      | Found a runed translucent door.
  2186 | D:3      | Noticed Crazy Yiuf
  2729 | D:1      | Reached XP level 6. HP: 51/55 MP: 5/5
  3282 | D:2      | Noticed Natasha
  3290 | D:3      | Reached skill level 3 in Shields
  3536 | D:3      | Reached skill level 5 in Fighting
  3657 | D:3      | Found a faded altar of an unknown god.
  3661 | D:3      | Identified the +9 flail of the Sea {flame, Fragile Str+2
                  | Dex+4}
  3819 | D:2      | Noticed Terence
  3824 | D:2      | Killed Terence
  3864 | D:2      | Found a sacrificial altar of Ru.
  3901 | D:2      | Killed Natasha
  3940 | D:2      | Reached skill level 1 in Evocations
  4262 | D:3      | Reached skill level 1 in Throwing
  4335 | D:3      | Noticed Jessica
  4339 | D:3      | Killed Jessica
  4555 | D:3      | Killed Crazy Yiuf
  4556 | D:3      | Reached XP level 7. HP: 49/61 MP: 0/6
  4772 | D:4      | Found an ancient bone altar of Kikubaaqudgha.
  4774 | D:4      | Noticed a human
  4775 | D:4      | Killed a human
  4972 | D:4      | Reached skill level 1 in Maces & Flails
  5381 | D:4      | Noticed a hornet
  5456 | D:4      | You fall into a shaft and drop 1 floor!
  5552 | D:4      | Reached skill level 4 in Shields
  5754 | D:4      | Killed a hornet
  5755 | D:4      | Reached XP level 8. HP: 70/70 MP: 7/7
  6194 | D:5      | Reached skill level 5 in Dodging
  6519 | D:6      | Reached skill level 5 in Armour
  6519 | D:6      | Reached skill level 5 in Shields
  6768 | D:6      | Found a staircase to the Ecumenical Temple.
  6774 | Temple   | Entered the Ecumenical Temple
  6948 | Temple   | Became a worshipper of Gozag Ym Sagoz the Greedy
  7126 | D:6      | Noticed a komodo dragon
  7143 | D:6      | Killed a komodo dragon
  7144 | D:6      | Reached XP level 9. HP: 45/78 MP: 8/8
  7643 | D:7      | Noticed Menkaure
  7643 | D:7      | Noticed Prince Ribbit
  7668 | D:6      | Killed Prince Ribbit
  7764 | D:7      | Killed Menkaure
  8065 | D:7      | Reached skill level 6 in Shields
  8197 | D:7      | Noticed Pikel
  8208 | D:7      | Killed Pikel
  8209 | D:7      | Reached skill level 5 in Maces & Flails
  8771 | D:8      | Reached XP level 10. HP: 70/88 MP: 9/9
  9084 | D:8      | Found a runed translucent gate.
  9084 | D:8      | Found a runed translucent gate.
  9086 | D:8      | Found a runed translucent gate.
  9100 | D:8      | Found a viscous altar of Jiyva.
  9100 | D:8      | Noticed ytrimaz's ghost (novice OpCj)
  9317 | D:9      | Reached skill level 5 in Throwing
  9317 | D:9      | Reached skill level 7 in Shields
  9502 | D:9      | Noticed a two-headed ogre
  9509 | D:9      | Killed a two-headed ogre
  9832 | D:9      | Reached skill level 5 in Evocations
 10211 | D:10     | Entered Level 10 of the Dungeon
 10415 | D:10     | Found a staircase to the Lair.
 10430 | D:10     | Found a runed translucent door.
 10431 | D:10     | Noticed jasper's ghost (novice DsAr)
 10446 | D:10     | Reached XP level 11. HP: 73/95 MP: 10/10
 10452 | D:10     | Reached skill level 8 in Shields
 10717 | D:10     | You fall into a shaft and drop 3 floors!
 10746 | D:13     | Noticed a centaur warrior
 10755 | D:13     | Killed a centaur warrior
 10783 | D:12     | Noticed Psyche
 10783 | D:12     | Noticed a boulder beetle
 10813 | D:12     | Noticed a green ugly thing
 10837 | D:12     | Noticed a two-headed ogre
 10841 | D:12     | Noticed Jorgrun
 10843 | D:12     | Found a flagged portal.
 10850 | D:12     | Noticed a boulder beetle
 10853 | Bailey   | Entered a bailey
 11159 | Bailey   | Found a burning altar of Makhleb.
 11260 | D:12     | Noticed a cyan ugly thing
 11266 | D:12     | Killed a cyan ugly thing
 11428 | D:11     | Killed Psyche
 11701 | D:10     | Noticed a two-headed ogre
 11711 | D:10     | Killed a two-headed ogre
 12259 | D:10     | Found a staircase to the Orcish Mines.
 12371 | D:10     | Killed jasper's ghost
 12458 | Lair:1   | Entered Level 1 of the Lair of Beasts
 12573 | Lair:1   | Noticed Joseph
 12585 | Lair:1   | Paralysed by Joseph for 5 turns
 12591 | Lair:1   | Killed Joseph
 12749 | Lair:1   | Reached skill level 9 in Shields
 13032 | Lair:1   | Identified the +1 robe of the Hidden Mouths {Fly rElec
                  | rPois MP-9}
 13213 | Lair:1   | Reached XP level 12. HP: 102/106 MP: 11/11
 13529 | Lair:2   | Noticed a death yak
 13530 | Lair:2   | Noticed a death yak
 13530 | Lair:2   | Noticed a death yak
 13733 | Lair:2   | Reached skill level 10 in Fighting
 14036 | Lair:2   | Killed a death yak
 14043 | Lair:2   | Killed a death yak
 14051 | Lair:2   | Killed a death yak
 14623 | Lair:3   | Found a staircase to the Swamp.
 14841 | Lair:3   | Noticed an eight-headed hydra
 15126 | Lair:2   | Reached skill level 10 in Shields
 15139 | Lair:2   | Reached skill level 10 in Armour
 15352 | Lair:3   | Noticed a five-headed hydra
 15359 | Lair:3   | Killed a five-headed hydra
 15488 | Lair:3   | Killed an eight-headed hydra
 15756 | Lair:3   | Found a staircase to the Snake Pit.
 15916 | Lair:3   | Identified the +2 long sword of Wyrd {vorpal, rF- Int+6}
 16378 | Lair:4   | Reached XP level 13. HP: 111/115 MP: 12/12
 17307 | Lair:4   | Reached skill level 10 in Dodging
 17314 | Lair:4   | Reached skill level 10 in Maces & Flails
 18396 | Lair:5   | Reached skill level 11 in Shields
 19348 | Lair:5   | Reached XP level 14. HP: 114/126 MP: 13/13
 19728 | Lair:6   | Entered Level 6 of the Lair of Beasts
 20292 | Lair:6   | Noticed Urug
 20579 | Lair:6   | Killed Urug
 21242 | Lair:6   | Found a viscous altar of Jiyva.
 21242 | Lair:6   | Found a staircase to the Slime Pits.
 21308 | Lair:6   | Found a large runed translucent door.
 21948 | Lair:6   | Found a large runed translucent door.
 23439 | D:11     | Reached skill level 12 in Shields
 23921 | D:12     | Noticed spiderkeys's ghost (journeyman TrAK)
 23921 | D:12     | Found a runed translucent door.
 23921 | D:12     | Found a shimmering altar of Xom.
 24863 | D:12     | Reached skill level 10 in Throwing
 25009 | D:12     | Killed Jorgrun
 25822 | D:12     | Killed spiderkeys's ghost
 26757 | D:13     | Reached XP level 15. HP: 124/135 MP: 14/14
 27282 | D:14     | Found a runed translucent gate.
 27282 | D:14     | Found a runed translucent gate.
 27282 | D:14     | Found a runed translucent gate.
 27283 | D:14     | Noticed jasper's ghost (journeyman DsAr)
 27380 | D:14     | Found an ornate altar of the Wu Jian Council.
 27380 | D:14     | You fall into a shaft and drop 1 floor!
 27380 | D:15     | Entered Level 15 of the Dungeon
 27427 | D:15     | Found a gate leading to a gauntlet.
 27438 | D:15     | Identified the +10 plate armour "Vamel" {Will+ rCorr Int+2
                  | Dex+4}
 27466 | Gauntlet | Entered a Gauntlet
 27466 | Gauntlet | Found a transporter.
 27476 | Gauntlet | Found a transporter.
 27491 | Gauntlet | Found a transporter.
 27496 | Gauntlet | Found a transporter.
 27513 | Gauntlet | Found a transporter.
 27531 | Gauntlet | Found a transporter.
 27543 | Gauntlet | Found a transporter.
 27555 | Gauntlet | Found a transporter.
 27561 | Gauntlet | Found a transporter.
 27561 | Gauntlet | Found a transporter.
 27576 | Gauntlet | Found a transporter.
 27588 | Gauntlet | Found a transporter.
 27607 | Gauntlet | Found a transporter.
 27622 | Gauntlet | Found a transporter.
 27624 | Gauntlet | Found a transporter.
 27651 | Gauntlet | Found a transporter.
 27671 | Gauntlet | Found a transporter.
 27868 | Gauntlet | Found a transporter.
 28120 | Gauntlet | Identified the ring of Qaanwyas {Wiz Dex+2}
 28127 | Gauntlet | Identified the +8 shortbow of Lyiwnut {freeze, rElec rC+
                  | rCorr Str-5}
 28366 | D:15     | Got Sif Muna's Incunabulum of Companions and Air
 30140 | D:15     | Found a staircase to the Depths.
 30140 | D:15     | Noticed a frost giant
 30148 | D:15     | Killed a frost giant
 30290 | D:14     | Found a gate to the Vaults.
 30564 | D:13     | Reached skill level 13 in Shields
 31473 | D:14     | Reached skill level 5 in Axes
 31601 | D:13     | Killed jasper's ghost
 31870 | Orc:1    | Entered Level 1 of the Orcish Mines
 32478 | Orc:1    | Found a transporter.
 32536 | Orc:1    | Found a transporter.
 32536 | Orc:1    | Found a runed translucent door.
 32536 | Orc:1    | Found a bloodstained altar of Trog.
 32536 | Orc:1    | Found the necklace of Bloodlust {*Rage Will++ Int-3 Slay+6}
 32562 | Orc:1    | Reached skill level 10 in Evocations
 33201 | Orc:1    | Identified the +0 plate armour of the Monkey {rC+ Str+2}
 34209 | Orc:2    | Entered Level 2 of the Orcish Mines
 34260 | Orc:2    | Found a dark tunnel.
 34273 | Volcano  | Entered a volcano
 34303 | Volcano  | Reached XP level 16. HP: 146/146 MP: 15/15
 34748 | Orc:2    | Found a staircase to the Elven Halls.
 34791 | Orc:2    | Reached skill level 14 in Shields
 34836 | Orc:2    | Found Fagitt's Assorted Antiques.
 34836 | Orc:2    | Found Qaikhad's Antique Armour Shop.
 34845 | Orc:2    | Found Jovuq's General Store.
 34849 | Orc:2    | Found Cothraine's Distillery.
 35094 | Orc:2    | Bought a scroll of blinking for 232 gold pieces
 35094 | Orc:2    | Bought a scroll of teleportation for 93 gold pieces
 35094 | Orc:2    | Bought a red potion for 27 gold pieces
 35102 | Orc:2    | Bought a pair of heavily runed gloves for 285 gold pieces
 35102 | Orc:2    | Identified the +0 pair of gloves "Fexzu" {Str+6 Dex-3} (You
                  | bought it in a shop on level 2 of the Orcish Mines)
 35102 | Orc:2    | Bought a brightly glowing plate armour for 840 gold pieces
 35102 | Orc:2    | Identified the +15 plate armour of Benevolence {Will+ Int-3
                  | Dex+2} (You bought it in a shop on level 2 of the Orcish
                  | Mines)
 35102 | Orc:2    | Bought a glowing cloak for 225 gold pieces
 35202 | Orc:2    | Bought a potion of heal wounds for 60 gold pieces
 35202 | Orc:2    | Bought a potion of resistance for 120 gold pieces
 35202 | Orc:2    | Bought a potion of curing for 36 gold pieces
 35452 | Elf:1    | Entered Level 1 of the Elven Halls
 35845 | Orc:2    | Bought a +4 broad axe of distortion for 576 gold pieces
 35897 | Orc:2    | Bought a pair of glowing boots for 225 gold pieces
 35905 | Orc:2    | Bought a +4 ring of slaying for 1404 gold pieces
 35905 | Orc:2    | Bought an amulet of guardian spirit for 540 gold pieces
 35912 | Orc:2    | Bought a pair of embroidered boots for 240 gold pieces
 36089 | Swamp:1  | Entered Level 1 of the Swamp
 37110 | Swamp:1  | Upgraded the game from 0.28-a0-773-g130ae17fe5 to
                  | 0.28-a0-779-g3d1f99b579
 37288 | Swamp:2  | Reached skill level 15 in Shields
 38882 | Swamp:4  | Entered Level 4 of the Swamp
 39011 | Swamp:3  | HP: 6/147 [seven-headed hydra (3)]
 39015 | Swamp:3  | Slain by a nine-headed hydra

Illustrated notes

Levels and vault maps discovered:
D:1:      scummos_arrival_forest, layout_basic
D:2:      layout_basic, basic_altar, uniq_natasha, uniq_terence
D:3:      minmay_razor_zed, layout_rooms, hellmonk_ecumenical_altar_lost_god,
          hangedman_decor_opposing, kennysheep_minor_cross, uniq_jessica,
          uniq_crazy_yiuf_cottage
D:4:      cheibrodos_old_hovel, layout_loops_corners, tgw_kikubaaqudgha
D:5:      layout_cave_pools, portal_sewer_entry_d, minmay_misc_feat_square
D:6:      layout_rooms, minmay_temple_entry_fiery, st_stairs_2, minivault_10
D:7:      layout_rooms, uniq_pikel, uniq_menkaure, uniq_prince_ribbit1
D:8:      layout_rooms, gammafunk_ghost_ooze
D:9:      layout_irregular_city
D:10:     layout_cave_pools, minmay_lair_entry_grove, david_orc_1_choice,
          hellmonk_ghost_happy_afterlife
D:11:     layout_basic, serial_bayou, serial_bayou_shore_b, serial_bayou_pond_a,
          serial_bayou_pond_d, serial_bayou_crossing
D:12:     layout_long_grid, enter_bailey_5, ebering_ghost_xom,
          minmay_starry_boxes, uniq_jorgrun, uniq_psyche
D:13:     layout_roguey, eino_small_chamber_without_monster, minivault_21
D:14:     layout_cave_pools, lightli_vaults_fourway_checkpoint,
          grunt_decor_arrowhead, gammafunk_ghost_spectres,
          nicolae_wu_jian_wuxing_cycle
D:15:     grunt_enter_depths_snipers, layout_stronghold, minmay_misc_feat_five,
          gauntlet_entry_generic
Temple:   minmay_crystal_snake_temple
Lair:1:   layout_regular_city, st_stairs_12, serial_bayou_pond_e,
          lemuel_fruit_fields, infiniplex_staircase_pool_2, uniq_joseph
Lair:2:   layout_hall_layers
Lair:3:   layout_regular_city, minmay_swamp_entry_worms,
          minmay_snake_entry_guardpost_small
Lair:4:   layout_roguey, minivault_24, grunt_megastairs_2
Lair:5:   cheibrodos_magma_flow, layout_hall_layers, serial_bayou_shore_a
Lair:6:   cheibrodos_lair_end_hotspot, layout_gridlike,
          dpeg_slime_entry_enclosed_altar, minivault_19, uniq_urug
Swamp:1:  layout_basic_swamp, nicolae_swamp_bean_lake, swamp_pool2
Swamp:2:  layout_falls_marsh, evilmike_swamp_ruin_house_5, swamp_pool1,
          infiniplex_staircase_pool
Swamp:3:  layout_basic_swamp, evilmike_swamp_ruin_wall
Swamp:4:  swamp_alternative, layout_basic_swamp, uniq_louise, uniq_roxanne,
          uniq_mara
Orc:1:    emtedronai_trogs_sanctum, layout_caves, basic_altar
Orc:2:    st_orc_rangers, layout_diamond_mine, nicolae_volcano_entry_lava_flow
Elf:1:    nicolae_elf_arrival_fired_up, layout_gridlike, minmay_elf_necromancy,
          uniq_kirke

Skill      XL: |  1  2  3  4  5  6  7  8  9 10 11 12 13 14 15 16 |
---------------+-------------------------------------------------+-----
Armour         | 1 2 3 4 5 6 7 9 10 11 12 13 14 | 14.5
Shields        | 1 2 3 4 5 6 7 9 10 11 12 13 15 | 15.0
Fighting       | 4 5 6 7 8 9 10 12 13 14 | 14.9
Axes           | 3 4 6 9 |  9.5
Dodging        | 3 4 5 6 7 8 9 10 11 12 13 | 13.5
Evocations     | 1 2 3 4 5 6 7 8 9 10 | 10.6
Throwing       | 1 2 3 4 5 7 8 9 10 11 | 11.5
Maces & Flails | 2 3 5 6 8 9 10 11 12 | 12.2
Stealth        | |  4.1

Action                   |  1- 3 |  4- 6 |  7- 9 | 10-12 | 13-15 | 16-18 || total
-------------------------+-------+-------+-------+-------+-------+-------++-------
Melee: Hand axe          |    80 |    48 |       |       |       |       ||   128
       Headbutt          |     8 |    22 |    29 |   107 |   385 |    86 ||   637
       Mace              |       |    96 |       |       |       |       ||    96
       Flail             |       |    36 |   161 |   450 |  1156 |       ||  1803
       Unarmed           |       |       |       |     4 |       |       ||     4
       Eveningstar       |       |       |       |       |    25 |    87 ||   112
       Broad axe         |       |       |       |       |    19 |   267 ||   286
Throw: Javelin           |       |       |    16 |     8 |    21 |     3 ||    48
       Dart              |       |       |     4 |     9 |     1 |       ||    14
       Boomerang         |       |       |       |    17 |    10 |       ||    27
Invok: Call Merchant     |       |       |       |       |       |     4 ||     4
Evoke: Wand              |     1 |     1 |       |     4 |    14 |       ||    20
       Condenser vane    |       |       |       |       |     1 |       ||     1
  Use: Potion            |     2 |       |       |     4 |     6 |     1 ||    13
       Scroll            |     2 |     2 |       |    18 |    23 |     3 ||    48
 Stab: Sleeping          |       |     8 |     8 |       |       |       ||    16
       Distracted        |       |     1 |       |     4 |     6 |     3 ||    14
       Invisible         |       |       |       |       |     2 |       ||     2
Armor: Robe              |    40 |    55 |    17 |       |       |       ||   112
       Plate armour      |       |       |    35 |   233 |   480 |   277 ||  1025
Dodge: Dodged            |    49 |    76 |    61 |   176 |   454 |   215 ||  1031
Block: Kite shield       |    44 |    75 |    96 |   355 |   768 |   355 ||  1693

Table legend: (Time is in decaauts)
 A = Elapsed time spent in this place.
 B = Non-inter-level travel time spent in this place.
 C = Inter-level travel time spent in this place.
 D = Time resting spent in this place.
 E = Time spent auto-exploring this place.
 F = Levels seen in this place.
 G = Mean time per level.
                   A        B        C        D        E       F      G
               +--------+--------+--------+--------+--------+-----+--------+
         Total |  39911 |  37760 |   2151 |   3082 |  27432 |  33 | 1209.4 |
       Dungeon |  19251 |  18034 |   1217 |   1890 |  12827 |  15 | 1283.4 |
        Temple |    216 |    174 |     42 |      0 |    141 |   1 |  216.0 |
          Lair |  10568 |  10003 |    565 |    254 |   8159 |   6 | 1761.3 |
         Swamp |   3308 |   3243 |     65 |      0 |   2580 |   4 |  827.0 |
  Orcish Mines |   3285 |   3041 |    244 |    588 |   1665 |   2 | 1642.5 |
   Elven Halls |    128 |    112 |     16 |      0 |     31 |   1 |  128.0 |
         Sewer |   1652 |   1652 |      0 |    155 |   1132 |   1 | 1652.0 |
        Bailey |    396 |    396 |      0 |    195 |    102 |   1 |  396.0 |
       Volcano |    238 |    238 |      0 |      0 |    168 |   1 |  238.0 |
      Gauntlet |    865 |    865 |      0 |      0 |    625 |   1 |  865.0 |
               +--------+--------+--------+--------+--------+-----+--------+

Top non-repeatable levels by time:
  Lair:6: 2598 daAuts
  Lair:5: 2385 daAuts
    D:12: 2169 daAuts
    D:15: 2145 daAuts
    D:13: 1952 daAuts
   Orc:1: 1778 daAuts
    D:10: 1680 daAuts
   Sewer: 1652 daAuts
    D:11: 1648 daAuts
  Lair:4: 1527 daAuts
   Orc:2: 1506 daAuts
  Lair:3: 1466 daAuts
     D:5: 1412 daAuts
  Lair:2: 1326 daAuts
     D:3: 1280 daAuts
